AoeStats
← flynorc

Four Lakes

508524422Analyzed
1v1 RM · 9d ago on Sep 22, 2026· 31m 13s· 2 players
Game mode
Random Map
Map size
Tiny (2 player)
Population
200
Speed
Normal
Resources
Standard
Victory
Conquest
Starting age
Dark Age
Ending age
Imperial Age
RankedLock teamsTeams togetherTeam positionsShared explorationLock speedFull tech treeHidden civsTurbo modeCheats
Victory
Defeat
🇦🇷 Franks · Argentina
1648
+12
🇦🇹 Japanese · Austria
1558
-12
flynorc
4:42 Loom
11:49 Feudal Age
13:33 Double-Bit Axe
16:20 Castle Age
14:45 Fishing Lines
15:33 Fletching
15:35 Gold Mining
16:21 Padded Archer Armor
17:50 Medium Warships
18:26 Bodkin Arrow
19:46 Crossbowman
21:27 Gold Shaft Mining
21:03 Bow Saw
22:44 Pikeman
27:27 Imperial Age
25:20 Leather Archer Armor
26:13 Scale Mail Armor
27:20 Squires
28:12 Ballistics
28:21 Chain Mail Armor
29:08 Thumb Ring
30:15 Wheelbarrow
31:22 Two-Man Saw
30:03 Horse Collar
King Eduardo
8:24 Loom
11:06 Feudal Age
11:35 Town Watch
12:04 Double-Bit Axe
14:12 Wheelbarrow
17:16 Castle Age
15:29 Scale Barding Armor
15:43 Fishing Lines
16:58 Forging
19:05 Chain Barding Armor
24:18 Husbandry
26:35 Bow Saw
29:42 Gold Mining
Connection lost

Rejoining the realm…

Still unreachable

The connection could not be restored.

Session expired

The server has moved on; the page needs a fresh start.